[Event "16th Baltic Pearl Open"]
[Site "Lazy"]
[Date "2020.06.30"]
[Round "1.2"]
[White "Rak, Tomasz"]
[Black "Luch, Michal"]
[Result "0-1"]
[ECO "A46"]
[WhiteElo "1879"]
[BlackElo "2409"]
[Annotator "RC"]
[PlyCount "74"]
[EventDate "2020.06.28"]
[EventType "swiss"]
[EventCountry "POL"]
[SourceTitle "playchess.com"]
[Source "ChessBase"]
[SourceQuality "1"]
[TimeControl "5400+30"]

1. Nf3 Nf6 2. d4 e6 3. Bg5 c5 4. e3 Qb6 5. Bxf6 Qxb2 6. Nbd2 gxf6 7. Bd3 Nc6 8. O-O cxd4 9. exd4 Nxd4 10. Nc4 Qc3 11. Nxd4 Qxd4 12. Qf3 f5 13. Ne3 f4 14. Nc4 d5 15. Nd2 Bd7 16. a4 Bd6 17. Rfe1 Kf8 18. Rad1 Qg7 19. c4 Bxa4 20. Rb1 Bc6 21. cxd5 exd5 22. Nb3 a5 23. Nc1 Rg8 24. h3 a4 25. Na2 a3 26. Rec1 Qf6 27. Nc3 Rg5 28. Rc2 Kg7 29. Bb5 Bxb5 30. Rxb5 Rc8 31. Nxd5 Qa1+ 32. Kh2 Rxc2 33. Nb4 Rxb5 34. Qg4+ Kf8 35. Nxc2 Qc3 36. Qh4 f3+ 37. g3 Qxc2 0-1

[Event "16th Baltic Pearl Open"]
[Site "Lazy"]
[Date "2020.06.30"]
[Round "1.3"]
[White "Chylewski, Patryk"]
[Black "Lisinski, Henryk"]
[Result "1-0"]
[ECO "D46"]
[WhiteElo "2344"]
[BlackElo "1856"]
[Annotator "ChessBase"]
[PlyCount "89"]
[EventDate "2020.06.28"]
[EventType "swiss"]
[EventCountry "POL"]
[SourceTitle "playchess.com"]
[Source "ChessBase"]
[SourceQuality "1"]
[TimeControl "5400+30"]

1. d4 d5 2. c4 e6 3. Nf3 Nf6 4. Nc3 c6 5. e3 Nbd7 6. Bd3 Bd6 7. e4 dxe4 8. Nxe4 Nxe4 9. Bxe4 Bb4+ 10. Bd2 Qa5 11. O-O Bxd2 12. Nxd2 O-O 13. Re1 Rd8 14. Qc2 Nf6 15. Bf3 Qc7 16. Nb3 b6 17. Rad1 Bb7 18. g3 Rac8 19. Qe2 h6 20. Rd3 Rd7 21. Red1 Rcd8 22. R3d2 Nh7 23. h4 Nf6 24. Qe3 Ne8 25. Qc3 Nf6 26. Qc2 Qd6 27. Bg2 a5 28. c5 Qc7 29. cxb6 Qxb6 30. Qc5 Qb5 31. Qxb5 cxb5 32. Nc5 Bxg2 33. Nxd7 Rxd7 34. Kxg2 Kf8 35. Rc2 Ke7 36. Rc5 Rd5 37. Rxd5 Nxd5 38. Rc1 Kd6 39. Rc8 g6 40. g4 Nf4+ 41. Kf3 Nd3 42. b3 Nb4 43. a3 Nc6 44. Ke3 f5 45. gxf5 1-0

[Event "16th Baltic Pearl Open"]
[Site "Lazy"]
[Date "2020.06.30"]
[Round "1.4"]
[White "Jedrusik, Adam"]
[Black "Szpar, Milosz"]
[Result "0-1"]
[ECO "A48"]
[WhiteElo "1852"]
[BlackElo "2343"]
[Annotator "ChessBase"]
[PlyCount "52"]
[EventDate "2020.06.28"]
[EventType "swiss"]
[EventCountry "POL"]
[SourceTitle "playchess.com"]
[Source "ChessBase"]
[SourceQuality "1"]
[TimeControl "5400+30"]

1. d4 g6 2. Bg5 Bg7 3. Nf3 Nf6 4. Nbd2 O-O 5. c3 d6 6. Qc2 c5 7. e3 Nc6 8. Bxf6 exf6 9. Bd3 f5 10. g3 b6 11. O-O Bb7 12. Rfe1 Rc8 13. Qd1 Re8 14. Re2 Rc7 15. Qf1 Qa8 16. Nh4 Rce7 17. Rae1 Nd8 18. Bb5 Rf8 19. a4 Ne6 20. a5 a6 21. Bc4 b5 22. Bxe6 fxe6 23. dxc5 dxc5 24. e4 f4 25. Nb3 g5 26. Nf3 g4 0-1

[Event "16th Baltic Pearl Open"]
[Site "Lazy"]
[Date "2020.06.30"]
[Round "2.3"]
[White "Kacprzak, Kacper"]
[Black "Chylewski, Patryk"]
[Result "0-1"]
[ECO "B81"]
[WhiteElo "1977"]
[BlackElo "2344"]
[Annotator "NA"]
[PlyCount "118"]
[EventDate "2020.06.28"]
[EventType "swiss"]
[EventCountry "POL"]
[SourceTitle "playchess.com"]
[Source "ChessBase"]
[SourceQuality "1"]
[TimeControl "5400+30"]

1. e4 c5 2. Nf3 d6 3. d4 cxd4 4. Nxd4 Nf6 5. Nc3 a6 6. h3 e6 7. g4 h6 8. Bg2 Nbd7 9. Be3 g5 10. Qe2 Ne5 11. f4 gxf4 12. Bxf4 Nfd7 13. O-O-O b5 14. Nf3 Qc7 15. a3 Bb7 16. Rhf1 Rc8 17. Nxe5 Nxe5 18. g5 hxg5 19. Bxg5 Bh6 20. Qh5 Bg7 21. Qe2 Nc4 22. e5 d5 23. Bxd5 Bxd5 24. Nxd5 exd5 25. Bf6 Ne3 26. Bxg7 Qxc2+ 27. Qxc2 Rxc2+ 28. Kb1 Rxh3 29. Rh1 Nxd1 30. Rxh3 Rxb2+ 31. Kc1 Rg2 32. Rh8+ Kd7 33. Bf6 Ne3 34. Rd8+ Ke6 35. Rd6+ Kf5 36. Rxa6 Nc4 37. Ra7 Kg6 38. Ra8 Ra2 39. Rd8 Rxa3 40. Rg8+ Kf5 41. Rf8 Nxe5 42. Bxe5 Kxe5 43. Rxf7 Kd4 44. Kb2 Rh3 45. Rb7 Kc4 46. Rc7+ Kb4 47. Kc2 d4 48. Rd7 d3+ 49. Kd2 Kb3 50. Rb7 b4 51. Rb8 Ka3 52. Ra8+ Kb2 53. Ra4 b3 54. Ra8 Kb1 55. Ra3 b2 56. Ra8 Rh2+ 57. Kd1 d2 58. Ra7 Rh1+ 59. Kxd2 Rh8 0-1

[Event "16th Baltic Pearl Open"]
[Site "Lazy"]
[Date "2020.06.30"]
[Round "2.4"]
[White "Szpar, Milosz"]
[Black "Czechowski, Jakub"]
[Result "1/2-1/2"]
[ECO "C98"]
[WhiteElo "2343"]
[BlackElo "2025"]
[Annotator "NA RC"]
[PlyCount "80"]
[EventDate "2020.06.28"]
[EventType "swiss"]
[EventCountry "POL"]
[SourceTitle "playchess.com"]
[Source "ChessBase"]
[SourceQuality "1"]
[TimeControl "5400+30"]

1. e4 e5 2. Nf3 Nc6 3. Bb5 a6 4. Ba4 Nf6 5. O-O Be7 6. Re1 b5 7. Bb3 d6 8. c3 O-O 9. h3 Na5 10. Bc2 c5 11. d4 Qc7 12. Nbd2 Nc6 13. d5 Nd8 14. a4 Rb8 15. axb5 axb5 16. b4 c4 17. Nf1 Ne8 18. Ng3 g6 19. Bh6 Ng7 20. Nh2 f6 21. Rf1 Nf7 22. Be3 Bd7 23. Ra7 Qc8 24. Qa1 Bd8 25. Kh1 Bb6 26. Bxb6 Rxb6 27. Qa5 Rb7 28. Nf3 Ne8 29. Ra1 Nc7 30. Kh2 Qb8 31. Nf1 Rb6 32. Qa2 Rb7 33. Ra5 Kg7 34. Ne3 Qc8 35. Qb1 Rb8 36. R1a3 Qb7 37. Ra7 Qb6 38. Qa1 Bc8 39. Kg1 Bb7 40. Nd2 Ra8 1/2-1/2

[Event "16th Baltic Pearl Open"]
[Site "Lazy"]
[Date "2020.06.30"]
[Round "3.3"]
[White "Chylewski, Patryk"]
[Black "Rudzinska, Michalina"]
[Result "1-0"]
[ECO "A46"]
[WhiteElo "2344"]
[BlackElo "2080"]
[Annotator "NA"]
[PlyCount "81"]
[EventDate "2020.06.28"]
[EventType "swiss"]
[EventCountry "POL"]
[SourceTitle "playchess.com"]
[Source "ChessBase"]
[SourceQuality "1"]
[TimeControl "5400+30"]

1. d4 Nf6 2. Nf3 e6 3. Bg5 c5 4. e3 b6 5. Bd3 cxd4 6. exd4 Bb7 7. O-O Be7 8. Qe2 O-O 9. c3 d6 10. Nbd2 Nbd7 11. a4 Nd5 12. Qe4 g6 13. Qh4 f6 14. Bh6 Re8 15. Qg3 Bf8 16. Bxf8 Nxf8 17. a5 a6 18. Nc4 e5 19. dxe5 dxe5 20. Rfd1 e4 21. Nd6 exd3 22. Nxb7 Qe7 23. Nd6 Red8 24. Nf5 Qe4 25. Nh6+ Kg7 26. Re1 Qc4 27. Nd4 Rd7 28. axb6 Nxb6 29. Nhf5+ Kh8 30. Ne3 Qf7 31. Red1 Ne6 32. Rxd3 a5 33. Rdd1 Nxd4 34. Rxd4 Rxd4 35. cxd4 Qb3 36. Qd6 Qxb2 37. Qxf6+ Kg8 38. Rf1 Rf8 39. Qe6+ Kg7 40. Qe5+ Kf7 41. Ng4 1-0

[Event "16th Baltic Pearl Open"]
[Site "Lazy"]
[Date "2020.07.01"]
[Round "4.1"]
[White "Czernek, Tymon"]
[Black "Kosakowski, Jakub"]
[Result "0-1"]
[ECO "B31"]
[WhiteElo "2199"]
[BlackElo "2416"]
[Annotator "ChessBase"]
[PlyCount "76"]
[EventDate "2020.06.28"]
[EventType "swiss"]
[EventCountry "POL"]
[SourceTitle "playchess.com"]
[Source "ChessBase"]
[SourceQuality "1"]
[TimeControl "5400+30"]

1. e4 c5 2. Nc3 Nc6 3. Nf3 g6 4. Bb5 Bg7 5. O-O Nh6 6. Re1 O-O 7. h3 d6 8. d3 Bd7 9. Bg5 f6 10. Be3 e5 11. Nd5 Nf7 12. c3 f5 13. a4 Kh8 14. Bc4 Rc8 15. Ba2 f4 16. Bc1 Ng5 17. Nh2 h5 18. Bb3 Ne6 19. Qe2 Qe8 20. Bd1 Qf7 21. Ra3 Bh6 22. Bd2 Qg7 23. Kh1 Bg5 24. Rg1 Qh6 25. Nf3 Bd8 26. Nh2 Qh7 27. Be1 Ng5 28. Qf1 Be6 29. Nf3 Nxf3 30. gxf3 Bh4 31. Kh2 g5 32. Qg2 Qh6 33. Bd2 Rg8 34. Rb3 Rg7 35. Be2 Rcg8 36. Qf1 g4 37. fxg4 hxg4 38. Bxg4 Bxg4 0-1

[Event "16th Baltic Pearl Open"]
[Site "Lazy"]
[Date "2020.07.01"]
[Round "4.2"]
[White "Klimkowski, Jan"]
[Black "Chylewski, Patryk"]
[Result "1-0"]
[ECO "C95"]
[WhiteElo "2193"]
[BlackElo "2344"]
[Annotator "ChessBase"]
[PlyCount "101"]
[EventDate "2020.06.28"]
[EventType "swiss"]
[EventCountry "POL"]
[SourceTitle "playchess.com"]
[Source "ChessBase"]
[SourceQuality "1"]
[TimeControl "5400+30"]

1. e4 e5 2. Nf3 Nc6 3. Bb5 a6 4. Ba4 Nf6 5. O-O Be7 6. Re1 b5 7. Bb3 d6 8. c3 O-O 9. h3 Nb8 10. d4 Nbd7 11. Nbd2 Bb7 12. Bc2 Re8 13. Nf1 Bf8 14. Ng3 g6 15. a4 c5 16. d5 c4 17. Be3 Nc5 18. Qd2 Qc7 19. a5 Bc8 20. Bh6 Bxh6 21. Qxh6 Qe7 22. Nd2 Nfd7 23. Rf1 Nb7 24. Ne2 Qf8 25. Qe3 Qg7 26. f4 exf4 27. Rxf4 Ne5 28. Qb6 Re7 29. Raf1 Qf8 30. Nf3 Qd8 31. Qf2 Nxf3+ 32. Rxf3 Qe8 33. Ng3 Nd8 34. Rf6 Qd7 35. Qf4 Re5 36. Ne2 Ra7 37. Nd4 Qe8 38. Rxd6 Nb7 39. Rc6 Ra8 40. Rf6 Nd8 41. Nc6 Nxc6 42. Rxf7 Bf5 43. Rc7 Bxe4 44. dxc6 Bf5 45. Qh6 Re7 46. Rxe7 Qxe7 47. Bxf5 Qc5+ 48. Kh1 gxf5 49. Qg5+ Kh8 50. Qf6+ Kg8 51. Rxf5 1-0

[Event "16th Baltic Pearl Open"]
[Site "Lazy"]
[Date "2020.07.01"]
[Round "4.4"]
[White "Luch, Michal"]
[Black "Klepek, Witold"]
[Result "1/2-1/2"]
[ECO "A36"]
[WhiteElo "2409"]
[BlackElo "2171"]
[Annotator "ChessBase"]
[PlyCount "90"]
[EventDate "2020.06.28"]
[EventType "swiss"]
[EventCountry "POL"]
[SourceTitle "playchess.com"]
[Source "ChessBase"]
[SourceQuality "1"]
[TimeControl "5400+30"]

1. c4 c5 2. Nc3 Nc6 3. g3 g6 4. Bg2 Bg7 5. a3 e6 6. Rb1 Nf6 7. b4 cxb4 8. axb4 d5 9. cxd5 Nxd5 10. Nxd5 exd5 11. b5 Ne5 12. Nf3 Nxf3+ 13. Bxf3 O-O 14. O-O Bh3 15. Re1 Qd7 16. Qb3 Rfd8 17. d3 Bg4 18. Bg5 Re8 19. Bxg4 Qxg4 20. Qxd5 Rxe2 21. Rxe2 Qxe2 22. Rc1 h6 23. Be3 g5 24. Rc7 Qh5 25. Qxb7 Rd8 26. Rc8 Qd1+ 27. Kg2 Qxd3 28. Rxd8+ Qxd8 29. Bxa7 Qd3 30. Qc6 h5 31. Be3 h4 32. b6 h3+ 33. Kxh3 Qf1+ 34. Kg4 Qe2+ 35. Kxg5 Qd3 36. Qc8+ Bf8 37. Qf5 Be7+ 38. Kg4 Qe2+ 39. Kh3 Qf1+ 40. Kg4 Qe2+ 41. f3 Qxe3 42. b7 Qd4+ 43. Kh3 Qh8+ 44. Kg4 Qd4+ 45. Kh3 Qh8+ 1/2-1/2

[Event "16th Baltic Pearl Open"]
[Site "Lazy"]
[Date "2020.07.02"]
[Round "5.1"]
[White "Kosakowski, Jakub"]
[Black "Klimkowski, Jan"]
[Result "1/2-1/2"]
[ECO "B23"]
[WhiteElo "2416"]
[BlackElo "2193"]
[Annotator "ChessBase"]
[PlyCount "106"]
[EventDate "2020.06.28"]
[EventType "swiss"]
[EventCountry "POL"]
[SourceTitle "playchess.com"]
[Source "ChessBase"]
[SourceQuality "1"]
[TimeControl "5400+30"]

1. e4 c5 2. Nc3 Nc6 3. Nge2 e5 4. Nd5 d6 5. Nec3 Nf6 6. Nxf6+ Qxf6 7. Nd5 Qd8 8. c3 Be7 9. Bc4 O-O 10. O-O Be6 11. f4 exf4 12. d4 cxd4 13. cxd4 Bxd5 14. exd5 Nb4 15. a3 Rc8 16. Bb3 Na6 17. Bxf4 Qb6 18. Qd3 Rfe8 19. Ba4 Rf8 20. Rf2 Nc7 21. Qe4 Bh4 22. Rc2 Bf6 23. Rac1 Rfd8 24. Rc4 Qa6 25. Bd1 Re8 26. Rxc7 Rcd8 27. Be5 dxe5 28. Be2 Qb6 29. Bd3 g6 30. d6 Qxd6 31. Rxb7 exd4 32. Qf3 Re3 33. Qf1 Re7 34. Rxe7 Qxe7 35. Re1 Qd6 36. Qf3 Kg7 37. g3 Bg5 38. Kg2 Be3 39. Rf1 Rd7 40. h4 f5 41. h5 Qb6 42. hxg6 hxg6 43. b4 Qb7 44. Rb1 Qxf3+ 45. Kxf3 Re7 46. Rd1 Rc7 47. g4 fxg4+ 48. Kxg4 Rc3 49. a4 Rb3 50. b5 Ra3 51. Bc2 Ra2 52. Bb3 Rb2 53. Rd3 Rd2 1/2-1/2

[Event "16th Baltic Pearl Open"]
[Site "Lazy"]
[Date "2020.07.02"]
[Round "5.4"]
[White "Chylewski, Patryk"]
[Black "Derylo, Kamil"]
[Result "1/2-1/2"]
[ECO "A06"]
[WhiteElo "2344"]
[BlackElo "2084"]
[Annotator "ChessBase"]
[PlyCount "32"]
[EventDate "2020.06.28"]
[EventType "swiss"]
[EventCountry "POL"]
[SourceTitle "playchess.com"]
[Source "ChessBase"]
[SourceQuality "1"]
[TimeControl "5400+30"]

1. Nf3 d5 2. b3 Bg4 3. Bb2 Nd7 4. d4 Ngf6 5. Nbd2 e6 6. e3 Ne4 7. h3 Bh5 8. a3 Bd6 9. Be2 f5 10. g4 Bg6 11. Bd3 O-O 12. Qe2 Qe7 13. Ne5 Bxe5 14. dxe5 f4 15. Bxe4 dxe4 16. O-O-O f3 1/2-1/2

[Event "16th Baltic Pearl Open"]
[Site "Lazy"]
[Date "2020.07.03"]
[Round "6.1"]
[White "Kubicka, Anna"]
[Black "Kosakowski, Jakub"]
[Result "0-1"]
[ECO "E72"]
[WhiteElo "2256"]
[BlackElo "2416"]
[Annotator "ChessBase"]
[PlyCount "108"]
[EventDate "2020.06.28"]
[EventType "swiss"]
[EventCountry "POL"]
[SourceTitle "playchess.com"]
[Source "ChessBase"]
[SourceQuality "1"]
[TimeControl "5400+30"]

1. Nf3 Nf6 2. c4 g6 3. Nc3 Bg7 4. e4 d6 5. d4 O-O 6. g3 e5 7. Bg2 Nc6 8. d5 Nd4 9. h3 c5 10. dxc6 bxc6 11. O-O c5 12. Be3 Rb8 13. b3 Ne8 14. Rc1 Nc7 15. Nd2 f5 16. f4 Nce6 17. Nd5 Bd7 18. Kh2 Kh8 19. fxe5 dxe5 20. exf5 gxf5 21. Nf3 e4 22. Nh4 Be5 23. Nf4 Rg8 24. Qh5 Nxf4 25. Bxf4 Bxf4 26. Rxf4 Be8 27. Qd1 Qg5 28. Rc3 Bh5 29. Qe1 Rbf8 30. Re3 Ne2 31. Rxe2 Bxe2 32. Qc3+ Qg7 33. Qxg7+ Rxg7 34. Bxe4 Rd7 35. Bd5 Bd3 36. g4 Kg7 37. Nxf5+ Bxf5 38. gxf5 Kf6 39. Rf2 Re7 40. Be6 Rd8 41. Rg2 Rg7 42. Re2 Rd3 43. Bd5 Rgg3 44. Re8 Rxh3+ 45. Kg2 Rhe3 46. Rf8+ Kg5 47. f6 Re2+ 48. Kf1 Rxa2 49. Ke1 Rxb3 50. Be4 Rbb2 51. Bf3 Ra1+ 52. Bd1 Rbb1 53. f7 Rxd1+ 54. Ke2 Kf6 0-1

[Event "16th Baltic Pearl Open"]
[Site "Lazy"]
[Date "2020.07.04"]
[Round "7.3"]
[White "Mis, Mieszko"]
[Black "Kokoszczynski, Jan"]
[Result "1-0"]
[ECO "D37"]
[WhiteElo "2332"]
[BlackElo "2312"]
[Annotator "ChessBase"]
[PlyCount "45"]
[EventDate "2020.06.28"]
[EventType "swiss"]
[EventCountry "POL"]
[SourceTitle "playchess.com"]
[Source "ChessBase"]
[SourceQuality "1"]
[TimeControl "5400+30"]

1. d4 Nf6 2. c4 e6 3. Nf3 d5 4. Nc3 Be7 5. Bf4 O-O 6. Rc1 c5 7. e3 Nc6 8. cxd5 exd5 9. Be2 c4 10. Ne5 h6 11. g4 Be6 12. Bf3 Rc8 13. h4 Nd7 14. Nxd7 Qxd7 15. g5 Nb4 16. Be2 Bd6 17. Bxd6 Qxd6 18. a3 Nc6 19. gxh6 gxh6 20. Bxc4 dxc4 21. Qh5 Bd7 22. Rg1+ Kh7 23. Ne4 1-0

[Event "16th Baltic Pearl Open"]
[Site "Lazy"]
[Date "2020.07.05"]
[Round "8.1"]
[White "Kosakowski, Jakub"]
[Black "Mis, Mieszko"]
[Result "1/2-1/2"]
[ECO "C41"]
[WhiteElo "2416"]
[BlackElo "2332"]
[Annotator "ChessBase"]
[PlyCount "52"]
[EventDate "2020.06.28"]
[EventType "swiss"]
[EventCountry "POL"]
[SourceTitle "playchess.com"]
[Source "ChessBase"]
[SourceQuality "1"]
[TimeControl "5400+30"]

1. e4 d6 2. d4 Nf6 3. Nc3 e5 4. Nf3 Nbd7 5. Bc4 Be7 6. a4 O-O 7. O-O a5 8. Re1 c6 9. Ba2 h6 10. h3 Re8 11. Be3 exd4 12. Bxd4 Nf8 13. Qd3 Be6 14. Bxe6 Nxe6 15. Rad1 Bf8 16. Qc4 Nd7 17. Be3 Qf6 18. Nh2 Nec5 19. b3 Qg6 20. Bxc5 Nxc5 21. Re2 Rad8 22. Nf1 Qf6 23. Ne3 g6 24. f4 Bg7 25. e5 Qe6 26. Red2 Bf8 1/2-1/2

[Event "16th Baltic Pearl Open"]
[Site "Lazy"]
[Date "2020.07.05"]
[Round "8.3"]
[White "Kubicka, Anna"]
[Black "Czernek, Tymon"]
[Result "0-1"]
[ECO "B31"]
[WhiteElo "2256"]
[BlackElo "2199"]
[Annotator "ChessBase"]
[PlyCount "120"]
[EventDate "2020.06.28"]
[EventType "swiss"]
[EventCountry "POL"]
[SourceTitle "playchess.com"]
[Source "ChessBase"]
[SourceQuality "1"]
[TimeControl "5400+30"]

1. e4 c5 2. Nf3 Nc6 3. Bb5 g6 4. Bxc6 dxc6 5. O-O Bg7 6. d3 Nf6 7. Re1 O-O 8. h3 Re8 9. e5 Nd5 10. Nbd2 f6 11. Ne4 b6 12. Ng3 fxe5 13. Nxe5 Qc7 14. Qe2 Rf8 15. Qe4 Kh8 16. c4 Nb4 17. Nxg6+ hxg6 18. Qh4+ Kg8 19. Rxe7 Qd8 20. Rxg7+ Kxg7 21. Qh6+ Kf7 22. Qh7+ Ke8 23. Bh6 Qe7 24. Qxg6+ Qf7 25. Qe4+ Kd7 26. Bxf8 Qxf8 27. Re1 Kc7 28. Qe5+ Qd6 29. Qg7+ Bd7 30. Ne4 Qd4 31. Qg3+ Kb7 32. a3 Nc2 33. Re2 Qxb2 34. Nd6+ Ka6 35. Re7 Nd4 36. Kh2 Rd8 37. Qf4 Ne6 38. Qe3 Qf6 39. Rf7 Qd4 40. Qxd4 cxd4 41. Re7 Nc5 42. f4 Rf8 43. g3 Bf5 44. Nxf5 Rxf5 45. Re5 Rf8 46. h4 Nxd3 47. Re6 Rd8 48. h5 Nb2 49. Re2 Nxc4 50. g4 d3 51. Re1 Ne3 52. g5 d2 53. Ra1 c5 54. h6 c4 55. h7 c3 56. g6 Nf5 57. Rd1 c2 58. Rxd2 Rxd2+ 59. Kh3 c1=Q 60. Kg4 Qc8 0-1

[Event "16th Baltic Pearl Open"]
[Site "Lazy"]
[Date "2020.07.05"]
[Round "8.4"]
[White "Luch, Michal"]
[Black "Mielczarski, Miroslaw"]
[Result "1/2-1/2"]
[ECO "D12"]
[WhiteElo "2409"]
[BlackElo "2156"]
[Annotator "ChessBase"]
[PlyCount "69"]
[EventDate "2020.06.28"]
[EventType "swiss"]
[EventCountry "POL"]
[SourceTitle "playchess.com"]
[Source "ChessBase"]
[SourceQuality "1"]
[TimeControl "5400+30"]

1. d4 d5 2. c4 c6 3. Nf3 Nf6 4. e3 Bf5 5. Nc3 e6 6. Nh4 Bg6 7. Nxg6 hxg6 8. Bd2 Bd6 9. Qb3 b6 10. g3 Nbd7 11. Bg2 Rc8 12. cxd5 exd5 13. Rc1 O-O 14. O-O Re8 15. Rc2 Nf8 16. Rfc1 Qd7 17. Ne2 g5 18. Bb4 Rc7 19. Bxd6 Qxd6 20. Rd1 g6 21. Nc1 Kg7 22. Nd3 Ne6 23. Qb4 c5 24. Qa3 Rd8 25. dxc5 bxc5 26. Nc1 d4 27. Nb3 Qb6 28. exd4 c4 29. Nc1 Nxd4 30. Rcd2 Rcd7 31. Qc3 Nb5 32. Qc2 Nd4 33. Qc3 Nb5 34. Qc2 Nd4 35. Bf1 1/2-1/2

[Event "16th Baltic Pearl Open"]
[Site "Lazy"]
[Date "2020.07.06"]
[Round "9.1"]
[White "Szpar, Milosz"]
[Black "Kosakowski, Jakub"]
[Result "1/2-1/2"]
[ECO "B97"]
[WhiteElo "2343"]
[BlackElo "2416"]
[Annotator "ChessBase"]
[PlyCount "74"]
[EventDate "2020.06.28"]
[EventType "swiss"]
[EventCountry "POL"]
[SourceTitle "playchess.com"]
[Source "ChessBase"]
[SourceQuality "1"]
[TimeControl "5400+30"]

1. e4 c5 2. Nf3 d6 3. d4 cxd4 4. Nxd4 Nf6 5. Nc3 a6 6. Bg5 e6 7. f4 h6 8. Bh4 Qb6 9. Qd2 Qxb2 10. Rb1 Qa3 11. e5 dxe5 12. fxe5 Nfd7 13. Ne4 Qxa2 14. Rd1 Qd5 15. Qe3 Qxe5 16. Be2 Bc5 17. Bg3 Qd5 18. c4 Bxd4 19. Rxd4 Qa5+ 20. Rd2 O-O 21. Bd6 f5 22. Bxf8 Nxf8 23. Nd6 Nbd7 24. g4 fxg4 25. O-O Qc5 26. Qxc5 Nxc5 27. Bxg4 Bd7 28. Bf3 Bc6 29. Bxc6 bxc6 30. Rb2 Nfd7 31. Nb7 a5 32. Nxc5 Nxc5 33. Rb6 Rc8 34. Kg2 a4 35. Rf3 Ra8 36. Ra3 Rc8 37. Rf3 Ra8 1/2-1/2

[Event "16th Baltic Pearl Open"]
[Site "Lazy"]
[Date "2020.07.06"]
[Round "9.3"]
[White "Mis, Mieszko"]
[Black "Kopaczewski, Adam"]
[Result "1-0"]
[ECO "D36"]
[WhiteElo "2332"]
[BlackElo "2059"]
[Annotator "ChessBase"]
[PlyCount "61"]
[EventDate "2020.06.28"]
[EventType "swiss"]
[EventCountry "POL"]
[SourceTitle "playchess.com"]
[Source "ChessBase"]
[SourceQuality "1"]
[TimeControl "5400+30"]

1. d4 Nf6 2. Nf3 e6 3. c4 d5 4. Nc3 c6 5. cxd5 exd5 6. Bg5 Be7 7. Qc2 O-O 8. e3 Ne4 9. Bf4 Qa5 10. Bd3 f5 11. O-O Nd7 12. h3 Ndf6 13. Ne5 Be6 14. f3 Nd6 15. g4 Nd7 16. Ne2 Qd8 17. Ng3 Qc8 18. Kh1 Nb6 19. Rg1 Kh8 20. Qh2 c5 21. Nh5 c4 22. Bc2 Bf6 23. g5 Bxe5 24. Bxe5 Ne8 25. g6 Nd7 26. gxh7 Rf7 27. Qg3 Nxe5 28. dxe5 Qd8 29. Nf4 Nc7 30. Qg6 Qe7 31. Qh5 1-0

[Event "16th Baltic Pearl Open"]
[Site "Lazy"]
[Date "2020.07.06"]
[Round "9.4"]
[White "Bilczewski, Kacper"]
[Black "Luch, Michal"]
[Result "0-1"]
[ECO "B22"]
[WhiteElo "2128"]
[BlackElo "2409"]
[Annotator "ChessBase"]
[PlyCount "44"]
[EventDate "2020.06.28"]
[EventType "swiss"]
[EventCountry "POL"]
[SourceTitle "playchess.com"]
[Source "ChessBase"]
[SourceQuality "1"]
[TimeControl "5400+30"]

1. e4 c5 2. c3 Nf6 3. e5 Nd5 4. d4 cxd4 5. cxd4 d6 6. Bc4 Nb6 7. Bb5+ Bd7 8. e6 fxe6 9. Bd3 g6 10. Qg4 Bg7 11. h4 Nd5 12. h5 Qa5+ 13. Nd2 Nf6 14. Qf3 Nxh5 15. Qxb7 Bc6 16. Qb3 Nf4 17. Ngf3 Nxg2+ 18. Kf1 Nf4 19. Nc4 Qd5 20. Bxf4 Qxf3 21. Rxh7 Qg2+ 22. Ke1 Rxh7 0-1